 Dungeon Crawl Stone Soup version 0.30-a0-585-g93115170b9 (webtiles) character file.

Game seed: 14470038233824514518

29120 themarg the Martial Artist (level 13, -12/127 HPs)
             Began as a Gnoll Transmuter on Jan 1, 2023.
             Was a High Priest of Ashenzari.
             Mangled by a cane toad simulacrum (15 damage)
             ... on level 3 of the Lair of Beasts on Jan 2, 2023.
             The game lasted 00:53:37 (17697 turns).

themarg the Martial Artist (Gnoll Transmuter)      Turns: 17697, Time: 00:53:37

Health: -12/127    AC: 11    Str: 15    XL:     13   Next: 43%
Magic:  29/29      EV: 15    Int: 17    God:    Ashenzari [*****.]
Gold:   1198       SH:  0    Dex: 14    Spells: 7/36 levels left

rFire   x . .      SeeInvis +      - Unarmed
rCold   + + +      Faith    .    (shield currently unavailable)
rNeg    . . .      Spirit   .    (body armour currently unavailable)
rPois   +          Reflect  .    (helmet currently unavailable)
rElec   .          Harm     .    (cloak currently unavailable)
rCorr   +          Rampage  .    (gloves currently unavailable)
Will    .....      Clarity  +    (boots currently unavailable)
Stlth   +++++                    (no amulet)
HPRegen 0.41/turn                P - ring of Supernal Knowledge {rCorr, Cun, Elem} (curse)
MPRegen 0.21/turn                S - ring of Star-Bound Wisdom {Str+6, Self, Fort} (curse)

@: about to teleport, ice-form, studying Ice Magic
A: freezing attack, amphibious, boosted hp, large, (fangs 1), strong nose,
distributed training
a: End Transformation, Renounce Religion, Shatter the Chains


You were on level 3 of the Lair of Beasts.
You worshipped Ashenzari.
Ashenzari was extremely pleased with you.
You were a creature of crystalline ice.
You visited 2 branches of the dungeon, and saw 14 of its levels.
You also visited: Ossuary and Bailey.

You collected 1198 gold pieces.

Inventory:

Hand Weapons
 d - the cursed +6 trident of Apeoromancy (melded) {Fort, Elem}
   (You took it off an orc in a bailey)

   It has a curse which improves the following skills: Fortitude: Armour and
   Shields.
   Elements:  Fire Magic, Ice Magic, Air Magic and Earth Magic.
 y - a +4 flail
Missiles
 e - 114 stones
 w - 20 poisoned darts
 x - 4 throwing nets
 z - 10 boomerangs
 C - 3 boomerangs of dispersal
 N - a curare-tipped dart
 Q - 24 javelins
Armour
 a - the cursed +0 robe of the Sidereal Prison (melded) {Comp, Elem}

   It has a curse which improves the following skills: Companions: Summonings
   and Necromancy.
   Elements:  Fire Magic, Ice Magic, Air Magic and Earth Magic.
 i - the cursed +0 cloak "Thunder Perfect Mind" (melded) {Fort, Comp}
   (You found it on level 2 of the Dungeon)

   It has a curse which improves the following skills: Fortitude: Armour and
   Shields.
   Companions: Summonings and Necromancy.
 t - a +2 pair of gloves
 u - the cursed +2 hat of Supernal Knowledge (melded) {Fort, Elem}
   (You found it on level 5 of the Dungeon)

   It has a curse which improves the following skills: Fortitude: Armour and
   Shields.
   Elements:  Fire Magic, Ice Magic, Air Magic and Earth Magic.
 v - the cursed +2 buckler "Prescient Soothsayer" (melded) {Cun, Range}
   (You found it on level 5 of the Dungeon)

   It has a curse which improves the following skills: Cunning: Dodging and
   Stealth.
   Ranged Combat: Ranged Weapons and Throwing.
 A - the cursed +0 pair of boots "Share My Gnosis" (melded) {Evo, Range}
   (You found it on level 6 of the Dungeon)

   It has a curse which improves the following skills: Evocations: Evocations.
   Ranged Combat: Ranged Weapons and Throwing.
 K - the cursed +0 pair of gloves of the Oracular Vexation (melded) {Evo, Self}
   (You found it on level 8 of the Dungeon)

   It has a curse which improves the following skills: Evocations: Evocations.
   Introspection: Fighting and Spellcasting.
Jewellery
 P - the cursed ring of Supernal Knowledge (left front paw) {rCorr, Cun, Elem}
   (You found it on level 9 of the Dungeon)

   [ring of resist corrosion]

   rCorr:     It protects you from acid and corrosion.
   It has a curse which improves the following skills: Cunning: Dodging and
   Stealth.
   Elements:  Fire Magic, Ice Magic, Air Magic and Earth Magic.
 S - the cursed ring of Star-Bound Wisdom (right front paw) {Str+6, Self, Fort}
   (You found it on level 10 of the Dungeon)

   [ring of strength]

   Str:       It affects your strength (+6).
   It has a curse which improves the following skills: Introspection: Fighting
   and Spellcasting.
   Fortitude: Armour and Shields.
 X - the amulet of Vatuxt {Spirit rF+ Will+ Str+7}
   (You acquired it on level 2 of the Lair of Beasts)

   [amulet of guardian spirit]

   It causes incoming damage to be divided between your reserves of health and
   magic.
   Str:       It affects your strength (+7).
   rF:        It protects you from fire.
   Will:      It increases your willpower.
Wands
 j - a wand of digging (6)
 k - a wand of flame (14)
 l - a wand of roots (6)
 B - a wand of mindburst (36)
 D - a wand of charming (9)
 J - a wand of polymorph (9)
 U - a wand of quicksilver (3)
Scrolls
 c - 3 scrolls of teleportation
 f - 5 scrolls of poison
 h - 2 scrolls of noise
 n - 6 scrolls of vulnerability
 p - 5 scrolls of enchant weapon
 q - 3 scrolls of immolation
 F - a scroll of fog
 L - a scroll of amnesia
 R - a scroll of blinking
 T - 2 scrolls of magic mapping
 W - a scroll of acquirement
 Y - a scroll of fear
Potions
 b - a potion of lignification
 g - 3 potions of degeneration
 m - 8 potions of curing
 o - 4 potions of haste
 r - 2 potions of cancellation
 s - 3 potions of flight
 E - a potion of magic
 G - a potion of berserk rage
 H - a potion of brilliance
 I - 5 potions of might
 M - a potion of invisibility
 O - 2 potions of mutation
 V - a potion of ambrosia


   Skills:
 + Level 9.0(11.3) Fighting
 + Level 8.6 Short Blades
 + Level 8.6 Long Blades
 + Level 8.6 Axes
 + Level 8.6 Maces & Flails
 + Level 8.6 Polearms
 + Level 8.6 Staves
 + Level 8.6 Ranged Weapons
 + Level 8.6 Throwing
 + Level 8.6(10.9) Armour
 + Level 9.8(12.1) Dodging
 + Level 8.6(10.9) Stealth
 + Level 8.6(10.9) Shields
 + Level 10.8 Unarmed Combat
 + Level 10.0(12.3) Spellcasting
 + Level 7.1 Conjurations
 + Level 7.1 Hexes
 + Level 7.1 Summonings
 + Level 7.1 Necromancy
 + Level 7.1 Translocations
 + Level 8.2 Transmutations
 + Level 7.1(9.5) Fire Magic
 + Level 9.6(12.0) Ice Magic
 + Level 7.1(9.5) Air Magic
 + Level 7.1(9.5) Earth Magic
 + Level 7.1 Poison Magic
 + Level 9.4 Invocations
 + Level 8.6 Evocations


You had 7 spell levels left.
You knew the following spells:

 Your Spells              Type           Power      Damage    Failure   Level
a - Beastly Appendage     Tmut           76%        N/A       1%          1
b - Wereblood             Tmut           38%        N/A       1%          2
c - Spider Form           Tmut/Pois      36%        N/A       1%          3
d - Ice Form              Ice/Tmut       44%        N/A       1%          4
e - Dispel Undead         Necr           34%        3d15      3%          4
f - Arcjolt               Conj/Air       19%        1d29      6%          5
g - Blade Hands           Tmut           19%        N/A       6%          5
h - Irradiate             Conj/Tmut      18%        3d17      8%          5

Your spell library contained the following spells:

 Spells                   Type           Power      Damage    Failure   Level
 Kiss of Death            Conj/Necr      100%       2d13      1%          1
 Confusing Touch          Hex            34%        N/A       1%          3
 Vhi's Electric Charge    Tloc/Air       76%        N/A       1%          3
 Dragon Form              Tmut           19%        N/A       89%         7
 Maxwell's Capacitive Co  Air            21%        ∞         100%        8


Dungeon Overview and Level Annotations

Branches:
Dungeon (11/15)            Temple (0/1) D:6            Lair (3/5) D:10
  Swamp (0/4) Lair:3          Orc (0/2) D:10        Ossuary (visited)
 Bailey (visited)
  Snake: Lair:2-3    Spider: Lair:2-3

Altars:
Ashenzari
Cheibriados
Dithmenos
Gozag
Kikubaaqudgha
Makhleb
Nemelex Xobeh
Okawaru
Ru
Wu Jian

Shops:
D:6 (?=   D:7 !   D:10 [   D:11 (

Portals:
Ice
Cave: Lair:3

Annotations:
Lair:1 1 exclusion


Innate Abilities, Weirdness & Mutations

You are a creature of crystalline ice.
You have a powerful freezing melee attack.
You are amphibious.
Your maximum health is increased.
Your armour is entirely melded.
You are incapable of wielding weapons or throwing items.
((You have very sharp teeth.))
Your uncanny sense of smell can sniff out nearby items.
Your experience applies equally to all skills.


Message History

You resist.
You hit the death yak simulacrum but do no damage.
The cane toad simulacrum closely misses you.
The cane toad simulacrum hits you. The cane toad simulacrum freezes you.
You resist.
The polar bear simulacrum bites something!
The polar bear simulacrum freezes something!!
The polar bear simulacrum claws something.
The polar bear simulacrum freezes something!
The polar bear simulacrum claws something.
The polar bear simulacrum freezes something!!
The death yak simulacrum gores you! The death yak simulacrum freezes you!
You resist.
As you read the scroll of teleportation, it crumbles to dust.
You feel strangely unstable.
The cane toad simulacrum closely misses you.
The cane toad simulacrum hits you. The cane toad simulacrum freezes you.
You resist.
* * * LOW HITPOINT WARNING * * *
You punch the death yak simulacrum!
The death yak simulacrum is moderately damaged.
The death yak simulacrum gores you!
* * * LOW HITPOINT WARNING * * *
The death yak simulacrum freezes you. You resist.
* * * LOW HITPOINT WARNING * * *
The cane toad simulacrum hits you but does no damage.
The cane toad simulacrum hits you.
* * * LOW HITPOINT WARNING * * *
The cane toad simulacrum freezes you. You resist.
* * * LOW HITPOINT WARNING * * *
Okay, then.
You pummel the death yak simulacrum!!
The death yak simulacrum is almost destroyed.
The death yak simulacrum completely misses you.
The cane toad simulacrum hits you!
* * * LOW HITPOINT WARNING * * *
The cane toad simulacrum freezes you. You resist.
* * * LOW HITPOINT WARNING * * *
The cane toad simulacrum hits you!
You die...

.......P#
#.........#.# *,
.......#*
........}..# * **
.......#
#..........##, , *
.......#
*#............ ,
** * ......##
#..........., * *,
#...#P#
**##....∩....., *
*^ ##### #
#...Z....^.., * ,
#..ZZZZ.....,, * *
*##*##
##..#Y#......,,,~,
, , .##P###...###
#.##. ,~ ,*
####.§§>..#..P# #
,,~ ,,
#....§§§###..## *,
,* *
##.>..§§§##...# **
,,* * *
#.....§§.##..##
,,* ,*
........###.PP#
,,,* ^**
....>..###....# *
, **
.......##..#### ,,
,


You could see 2 death yak simulacra, 2 cane toad simulacra and a polar bear
simulacrum.

Vanquished Creatures
  Josephine (D:11)
  2 hydras
  Harold (Lair:2)
  A catoblepas (Lair:2)
  5 two-headed ogres
  2 boulder beetles
  2 lindwurms (Lair:2)
  A cyclops (D:11)
  5 elephants (Lair:2)
  2 black mambas
  6 cane toads
  Maggie (Lair:2)
  A gargoyle (D:10)
  3 rime drakes
  3 komodo dragons
  A polar bear (Lair:1)
  A hornet (D:9)
  2 trolls
  7 blink frogs
  A shadow (D:9)
  A vampire (D:10)
  17 yaks
  4 wraiths (D:11)
  3 basilisks
  2 steam dragons
  Menkaure (D:7)
  2 wargs (D:10)
  An acid dragon (D:11)
  4 water moccasins (Lair:2)
  A black bear (D:6)
  2 sky beasts (D:8)
  15 orc warriors
  5 ogres
  20 centaurs
  3 phantoms
  2 kobold brigands
  13 bullfrogs
  2 necrophages
  An elf skeleton (D:7)
  2 scorpions
  9 wights
  4 killer bees (D:7)
  6 howler monkeys
  2 hounds
  2 human zombies (D:7)
  A jelly (D:6)
  10 orc priests
  A gnoll bouda (D:6)
  An iron imp (D:8)
  Jessica (D:2)
  2 human skeletons (D:7)
  8 iguanas
  6 orc wizards
  A wolf simulacrum (Lair:3)
  8 mummies (Ossuary)
  8 adders
  14 gnolls
  A shadow imp (D:5)
  5 worms
  2 dart slugs
  63 orcs
  2 bat zombies (D:9)
  4 endoplasms
  2 giant cockroaches
  2 gnoll zombies (Ossuary)
  4 goblins
  5 hobgoblins
  5 quokkas
  20 ball pythons
  14 bats
  2 frilled lizards
  3 hobgoblin zombies (Ossuary)
  15 kobolds
  3 kobold zombies (Ossuary)
  An orc skeleton (D:7)
  6 rats
392 creatures vanquished.

Vanquished Creatures (others)
  An orc (Bailey)
  2 fungi
  2 plants (Lair:2)
5 creatures vanquished.

Grand Total: 397 creatures vanquished

Notes
Turn   | Place    | Note
-------+----------+-------------------------------------------
     0 | D:1      | themarg the Gnoll Transmuter began the quest for the Orb.
     0 | D:1      | Reached XP level 1. HP: 17/17 MP: 6/6
   306 | D:1      | Reached XP level 2. HP: 23/23 MP: 7/7
   612 | D:1      | Reached skill level 5 in Spellcasting
   612 | D:1      | Reached XP level 3. HP: 28/28 MP: 6/9
   615 | D:1      | Learned a level 2 spell: Wereblood
   619 | D:1      | Learned a level 3 spell: Spider Form
   729 | D:1      | Reached skill level 1 in Invocations
  1488 | D:2      | Reached skill level 1 in Short Blades
  1488 | D:2      | Reached skill level 1 in Long Blades
  1488 | D:2      | Reached skill level 1 in Axes
  1488 | D:2      | Reached skill level 1 in Maces & Flails
  1488 | D:2      | Reached skill level 1 in Polearms
  1488 | D:2      | Reached skill level 1 in Staves
  1488 | D:2      | Reached skill level 1 in Ranged Weapons
  1488 | D:2      | Reached skill level 1 in Throwing
  1488 | D:2      | Reached skill level 1 in Armour
  1488 | D:2      | Reached skill level 1 in Stealth
  1488 | D:2      | Reached skill level 1 in Shields
  1488 | D:2      | Reached skill level 1 in Evocations
  1610 | D:2      | Noticed Jessica
  1612 | D:2      | Killed Jessica
  1613 | D:2      | Reached XP level 4. HP: 34/34 MP: 7/11
  1680 | D:2      | Found a faded altar of an unknown god.
  1687 | D:2      | Reached skill level 1 in Conjurations
  1687 | D:2      | Reached skill level 1 in Hexes
  1687 | D:2      | Reached skill level 1 in Summonings
  1687 | D:2      | Reached skill level 1 in Necromancy
  1687 | D:2      | Reached skill level 1 in Translocations
  1687 | D:2      | Reached skill level 1 in Fire Magic
  1687 | D:2      | Reached skill level 1 in Ice Magic
  1687 | D:2      | Reached skill level 1 in Air Magic
  1687 | D:2      | Reached skill level 1 in Earth Magic
  1687 | D:2      | Reached skill level 1 in Poison Magic
  1697 | D:2      | Prayed at the altar of an unknown god.
  1697 | D:2      | Became a worshipper of Ashenzari the Shackled
  1782 | D:2      | Identified the cursed +0 cloak "Thunder Perfect Mind"
                  | {Fort, Comp} (You found it on level 2 of the Dungeon)
  2448 | D:3      | Reached XP level 5. HP: 35/40 MP: 7/12
  2556 | D:3      | Reached * piety under Ashenzari
  2640 | D:3      | Identified the cursed +0 robe of the Sidereal Prison {Comp,
                  | Elem}
  2982 | D:3      | Noticed an ogre
  2990 | D:3      | Killed an ogre
  2991 | D:3      | Reached XP level 6. HP: 47/47 MP: 10/13
  3074 | D:3      | Found a sacrificial altar of Ru.
  3185 | D:4      | Reached skill level 5 in Dodging
  3242 | D:4      | Reached ** piety under Ashenzari
  3281 | D:4      | Identified the cursed +0 hand axe of the Visionary Sun
                  | {Evo, Melee} (You found it on level 1 of the Dungeon)
  3730 | D:4      | Reached XP level 7. HP: 52/52 MP: 8/15
  3981 | D:5      | Entered Level 5 of the Dungeon
  4324 | D:5      | Reached XP level 8. HP: 60/60 MP: 14/16
  4460 | D:5      | Identified the cursed +2 hat of Supernal Knowledge {Fort,
                  | Elem} (You found it on level 5 of the Dungeon)
  4772 | D:5      | Reached *** piety under Ashenzari
  4824 | D:5      | Identified the cursed +2 buckler "Prescient Soothsayer"
                  | {Cun, Range} (You found it on level 5 of the Dungeon)
  5336 | D:6      | Found Joxag's Magic Scroll Emporium.
  5438 | D:6      | Found Danefoqyic's Antique Weapon Shop.
  5616 | D:6      | Reached skill level 5 in Transmutations
  5647 | D:6      | Found an iron altar of Okawaru.
  5652 | D:6      | Found a staircase to the Ecumenical Temple.
  5675 | D:6      | Reached XP level 9. HP: 53/66 MP: 9/18
  5909 | D:6      | Learned a level 4 spell: Ice Form
  5984 | D:6      | Reached skill level 5 in Fighting
  6177 | D:6      | Found Opruti Elei's Jewellery Boutique.
  6495 | D:7      | Reached **** piety under Ashenzari
  6552 | D:7      | Identified the cursed +0 pair of boots "Share My Gnosis"
                  | {Evo, Range} (You found it on level 6 of the Dungeon)
  6625 | D:7      | Found a sand-covered staircase.
  6640 | D:7      | Reached skill level 5 in Invocations
  6727 | Ossuary  | Entered an ossuary
  7049 | D:7      | Found a sparkling altar of Nemelex Xobeh.
  7462 | D:7      | Noticed Menkaure
  7472 | D:7      | Killed Menkaure
  7740 | D:7      | Found Naxokk Ifegg's Distillery.
  7983 | D:8      | Found a shadowy altar of Dithmenos.
  7985 | D:8      | Found an opulent altar of Gozag.
  7998 | D:8      | Reached skill level 5 in Short Blades
  7998 | D:8      | Reached skill level 5 in Long Blades
  7998 | D:8      | Reached skill level 5 in Axes
  7998 | D:8      | Reached skill level 5 in Maces & Flails
  7998 | D:8      | Reached skill level 5 in Polearms
  7998 | D:8      | Reached skill level 5 in Staves
  7998 | D:8      | Reached skill level 5 in Ranged Weapons
  7998 | D:8      | Reached skill level 5 in Throwing
  7998 | D:8      | Reached skill level 5 in Armour
  7998 | D:8      | Reached skill level 5 in Stealth
  7998 | D:8      | Reached skill level 5 in Shields
  7998 | D:8      | Reached skill level 5 in Evocations
  8006 | D:8      | Reached skill level 5 in Ice Magic
  8006 | D:8      | Reached XP level 10. HP: 76/76 MP: 18/20
  8294 | D:8      | Found a snail-covered altar of Cheibriados.
  8975 | D:9      | Noticed a two-headed ogre
  9176 | D:9      | Noticed a two-headed ogre
  9190 | D:9      | Killed a two-headed ogre
  9531 | D:9      | Killed a two-headed ogre
  9699 | D:9      | Found an ornate altar of the Wu Jian Council.
  9917 | D:9      | Reached skill level 5 in Conjurations
  9917 | D:9      | Reached skill level 5 in Hexes
  9917 | D:9      | Reached skill level 5 in Summonings
  9917 | D:9      | Reached skill level 5 in Necromancy
  9917 | D:9      | Reached skill level 5 in Translocations
  9917 | D:9      | Reached skill level 5 in Fire Magic
  9917 | D:9      | Reached skill level 5 in Air Magic
  9917 | D:9      | Reached skill level 5 in Earth Magic
  9917 | D:9      | Reached skill level 5 in Poison Magic
  9926 | D:9      | Reached XP level 11. HP: 69/83 MP: 19/22
 10026 | D:9      | Found an ancient bone altar of Kikubaaqudgha.
 10140 | D:10     | Entered Level 10 of the Dungeon
 10183 | D:10     | Found a flagged portal.
 10201 | Bailey   | Entered a bailey
 10900 | Bailey   | Identified a scroll of acquirement
 11731 | D:10     | Found a staircase to the Lair.
 12086 | D:10     | Found Pash's Antique Armour Shop.
 12090 | D:10     | Found a staircase to the Orcish Mines.
 12204 | D:10     | Found a burning altar of Makhleb.
 12226 | D:10     | Noticed a two-headed ogre
 12235 | D:10     | Killed a two-headed ogre
 12814 | D:11     | Learned a level 4 spell: Dispel Undead
 12820 | D:11     | Learned a level 5 spell: Arcjolt
 12884 | D:11     | Noticed a two-headed ogre
 12890 | D:11     | Noticed a cyclops
 12990 | D:11     | Found Afoinac's Weapon Shop.
 12995 | D:11     | Noticed a two-headed ogre
 13008 | D:11     | Killed a two-headed ogre
 13022 | D:11     | Identified the cursed +0 pair of gloves of the Oracular
                  | Vexation {Evo, Self} (You found it on level 8 of the
                  | Dungeon)
 13218 | D:11     | Noticed Josephine
 13242 | D:11     | Killed a two-headed ogre
 13243 | D:11     | Reached XP level 12. HP: 91/91 MP: 24/24
 13272 | D:11     | Noticed a boulder beetle
 13295 | D:11     | Killed a boulder beetle
 13536 | D:11     | Acquired a book of Transfigurations
 13544 | D:11     | Learned a level 5 spell: Blade Hands
 13550 | D:11     | Learned a level 5 spell: Irradiate
 13817 | D:11     | Reached ***** piety under Ashenzari
 13990 | D:11     | Killed Josephine
 13991 | D:11     | Reached skill level 10 in Unarmed Combat
 14522 | Lair:1   | Entered Level 1 of the Lair of Beasts
 14534 | Lair:1   | Noticed a boulder beetle
 14551 | Lair:1   | Killed a boulder beetle
 16124 | Lair:2   | Reached ****** piety under Ashenzari
 16158 | Lair:2   | Identified the cursed +6 trident of Apeoromancy {Fort,
                  | Elem} (You took it off an orc in a bailey)
 16216 | Lair:2   | Reached XP level 13. HP: 109/109 MP: 27/30
 16343 | Lair:2   | Noticed Harold
 16815 | Lair:2   | Acquired the amulet of Vatuxt {Spirit rF+ Will+ Str+7}
 16924 | Lair:2   | Noticed Maggie
 16940 | Lair:2   | Killed Maggie
 17537 | Lair:2   | Killed Harold
 17538 | Lair:2   | Reached skill level 10 in Spellcasting
 17666 | Lair:3   | Found a staircase to the Swamp.
 17684 | Lair:3   | Found a frozen archway.
 17697 | Lair:3   | HP: 5/127 [cane toad simulacrum (14)]
 17697 | Lair:3   | Mangled by a cane toad simulacrum

Illustrated notes

Levels and vault maps discovered:
D:1:      dpeg_arrival_short_road, layout_loops_corners, minmay_pentomino_u4
D:2:      layout_loops_corners, nicolae_ecumenical_snake_handling,
          kennysheep_crisscross, uniq_jessica
D:3:      layout_basic, nicolae_ru_the_path_less_chosen,
          kennysheep_generic_room_16
D:4:      layout_basic, grunt_ministairs_7
D:5:      layout_basic, nicolae_titane
D:6:      layout_rooms, overflow_temple_1_default,
          minmay_temple_entry_butterflies, serial_shops, nicolae_stop_n_shop_2,
          shop, nicolae_shop_statue_plus, minmay_manual_monolith
D:7:      layout_basic, nemelex_dance_club_becter,
          nicolae_ossuary_entry_catacombs, nicolae_take_the_stairs,
          uniq_menkaure
D:8:      layout_basic, slow_altar_2, jmf_multi_god_temple
D:9:      layout_rooms, lemuel_zombie_altar_kikubaaqudgha,
          nicolae_wu_jian_wuxing_cycle
D:10:     layout_basic, mainiacjoe_overflow_small_starburst,
          erik_lair_orcish_takeover, david_orc_2, serial_shops, shop,
          enter_bailey_4, minmay_misc_feat_nine_boxes
D:11:     layout_gridville, serial_shops, shop, uniq_josephine
Lair:1:   layout_regular_city, dreamdust_mushroom_princess
Lair:2:   layout_cave_shapes, nicolae_lair_lindhole, grunt_megastairs_5,
          uniq_harold, uniq_maggie
Lair:3:   layout_cave_pods, swamp_mist, nicolae_spider_entry_tight_spaces,
          portal_ice_cave_entry_ice_simulacra, st_stairs_5, lemuel_fruit_fields

Skill      XL: |  1  2  3  4  5  6  7  8  9 10 11 12 13 |
---------------+----------------------------------------+-----
Spellcasting   | 5 6 7 8 9 10 | 10.0
Invocations    | 1 2 3 4 5 6 7 8 9 |  9.4
Short Blades   | 1 2 3 5 6 7 8 |  8.6
Long Blades    | 1 2 3 5 6 7 8 |  8.6
Axes           | 1 2 3 5 6 7 8 |  8.6
Maces & Flails | 1 2 3 5 6 7 8 |  8.6
Polearms       | 1 2 3 5 6 7 8 |  8.6
Staves         | 1 2 3 5 6 7 8 |  8.6
Ranged Weapons | 1 2 3 5 6 7 8 |  8.6
Throwing       | 1 2 3 5 6 7 8 |  8.6
Armour         | 1 2 3 5 6 7 8 |  8.6
Stealth        | 1 2 3 5 6 7 8 |  8.6
Shields        | 1 2 3 5 6 7 8 |  8.6
Evocations     | 1 2 3 5 6 7 8 |  8.6
Conjurations   | 1 2 3 4 5 6 7 |  7.1
Hexes          | 1 2 3 4 5 6 7 |  7.1
Summonings     | 1 2 3 4 5 6 7 |  7.1
Necromancy     | 1 2 3 4 5 6 7 |  7.1
Translocations | 1 2 3 4 5 6 7 |  7.1
Fire Magic     | 1 2 3 4 5 6 7 |  7.1
Ice Magic      | 1 2 3 5 6 7 9 |  9.6
Air Magic      | 1 2 3 4 5 6 7 |  7.1
Earth Magic    | 1 2 3 4 5 6 7 |  7.1
Poison Magic   | 1 2 3 4 5 6 7 |  7.1
Fighting       | 3 4 5 6 7 8 9 |  9.0
Transmutations | 4 5 6 7 8 |  8.2
Dodging        | 5 6 7 8 9 |  9.8
Unarmed Combat | 7 8 9 10 | 10.8

Action                   |  1- 3 |  4- 6 |  7- 9 | 10-12 | 13-15 || total
-------------------------+-------+-------+-------+-------+-------++-------
Melee: Unarmed           |    16 |   101 |   355 |   570 |   103 ||  1145
       Kick              |    18 |       |       |       |       ||    18
       Punch             |     3 |       |       |       |     2 ||     5
       Hand axe          |    59 |     8 |     4 |     1 |       ||    72
       Headbutt          |    11 |       |       |       |       ||    11
       Bite              |     5 |       |       |     5 |     8 ||    18
       Trident           |       |       |       |    25 |       ||    25
       Flail             |       |       |       |     1 |       ||     1
 Cast: Beastly Appendage |    25 |     2 |       |       |       ||    27
       Spider Form       |     2 |    23 |    35 |    29 |       ||    89
       Wereblood         |       |     3 |     7 |    11 |       ||    21
       Ice Form          |       |       |     6 |    26 |     4 ||    36
       Blade Hands       |       |       |       |     4 |     6 ||    10
Invok: Curse Item        |       |     3 |     3 |     5 |       ||    11
       Shatter the Chain |       |       |       |     1 |     1 ||     2
Evoke: Wand              |       |       |       |    11 |     1 ||    12
  Use: Potion            |       |       |     1 |     4 |       ||     5
       Scroll            |       |       |       |     3 |     2 ||     5
 Stab: Sleeping          |     3 |     2 |    10 |     9 |     4 ||    28
       Petrified         |       |       |       |       |     5 ||     5
       Petrifying        |       |       |       |       |     1 ||     1
Armor: Robe              |    12 |     2 |     3 |     5 |    10 ||    32
       Skin              |       |     5 |    24 |    84 |    22 ||   135
Dodge: Dodged            |    72 |    79 |   269 |   673 |    57 ||  1150
Block: Buckler           |       |       |     4 |    16 |       ||    20

Table legend: (Time is in decaauts)
 A = Elapsed time spent in this place.
 B = Non-inter-level travel time spent in this place.
 C = Inter-level travel time spent in this place.
 D = Time resting spent in this place.
 E = Time spent auto-exploring this place.
 F = Levels seen in this place.
 G = Mean time per level.
                   A        B        C        D        E       F      G
               +--------+--------+--------+--------+--------+-----+--------+
         Total |  17587 |  17215 |    372 |   1865 |  11722 |  16 | 1099.2 |
       Dungeon |  12763 |  12451 |    312 |    904 |   9110 |  11 | 1160.3 |
          Lair |   3137 |   3078 |     59 |    407 |   2141 |   3 | 1045.7 |
       Ossuary |    178 |    178 |      0 |      0 |     84 |   1 |  178.0 |
        Bailey |   1507 |   1507 |      0 |    554 |    387 |   1 | 1507.0 |
               +--------+--------+--------+--------+--------+-----+--------+

Top non-repeatable levels by time:
    D:11: 1791 daAuts
  Lair:2: 1685 daAuts
  Bailey: 1507 daAuts
  Lair:1: 1391 daAuts
     D:5: 1342 daAuts
     D:1: 1329 daAuts
     D:7: 1242 daAuts
     D:8: 1192 daAuts
     D:2: 1115 daAuts
     D:9: 1093 daAuts
    D:10: 1074 daAuts
     D:6: 1044 daAuts
     D:4: 794 daAuts
     D:3: 741 daAuts
 Ossuary: 178 daAuts
